 Dungeon Crawl Stone Soup version 0.19-a0-1206-g6bcb79c (webtiles) character file.

273 Duffy the Chiller (level 6, 41/41 HPs)
             Began as a Demonspawn Ice Elementalist on Aug 22, 2016.
             Was an Initiate of Kikubaaqudgha.
             Quit the game on level 4 of the Dungeon.
             The game lasted 00:04:21 (3277 turns).

Duffy the Chiller (Demonspawn Ice Elementalist)     Turns: 3277, Time: 00:04:21

Health: 41/41      AC:  4    Str:  8    XL:     6   Next: 2%
Magic:  9/12       EV: 12    Int: 20    God:    Kikubaaqudgha [......]
Gold:   230        SH:  0    Dex: 15    Spells: 3 memorised, 5 levels left

rFire  . . .     SeeInvis .     e - +0 dagger
rCold  . . .     Gourm    .     a - +0 robe
rNeg   . . .     Faith    .     (no shield)
rPois  .         Spirit   +     (helmet restricted)
rElec  .         Dismiss  .     t - +0 cloak
rCorr  .         Reflect  .     h - +0 pair of gloves
MR     .....     Harm     .     (no boots)
Stlth  ++........               (no amulet)
                                o - +3 ring of intelligence
                                f - ring of wizardry

@: no status effects
A: horns 1, demonic guardian 1, magic shield
a: Renounce Religion


You were on level 4 of the Dungeon.
You worshipped Kikubaaqudgha.
Kikubaaqudgha was noncommittal.
You were not hungry.

You visited 1 branch of the dungeon, and saw 4 of its levels.

You collected 230 gold pieces.

Inventory:

Hand Weapons
 e - a +0 dagger (weapon)
Armour
 a - a +0 robe (worn)
 h - a +0 pair of gloves (worn)
 t - a +0 cloak (worn)
Jewellery
 f - a ring of wizardry (left hand)
 o - a +3 ring of intelligence (right hand)
Scrolls
 d - a scroll of blinking {unknown}
 k - 3 scrolls of recharging {unknown}
 n - 3 scrolls of identify {unknown}
 q - 2 scrolls of amnesia {unknown}
Potions
 i - 3 potions of flight {unknown}
 m - 2 potions of lignification {unknown}
 p - a potion of cancellation {unknown}
Books
 b - a book of Frost

   Spells                             Type                      Level
   a - Freeze                         Ice                          1
   b - Throw Frost                    Conjuration/Ice              2
   c - Ozocubu's Armour               Charms/Ice                   3
   d - Throw Icicle                   Conjuration/Ice              4
   e - Summon Ice Beast               Ice/Summoning                4
Comestibles
 c - 2 bread rations
 g - a beef jerky
 j - 3 chunks of flesh
 l - 2 slices of pizza
 r - a meat ration
 s - a royal jelly


   Skills:
 - Level 1.7 Dodging
 - Level 1.7 Stealth
 - Level 4.0 Spellcasting
 + Level 2.0 Conjurations
 + Level 4.7 Ice Magic


You had 5 spell levels left.
You knew the following spells:

 Your Spells              Type           Power        Failure   Level  Hunger
a - Freeze                Ice            ###.         1%          1    None
l - Throw Icicle          Conj/Ice       ###.....     16%         4    ####...
w - Ozocubu's Armour      Chrm/Ice       ##......     7%          3    ###....


Dungeon Overview and Level Annotations

Branches:
Dungeon (4/15)
 Temple: D:4-7

Altars:
Ashenzari
Dithmenos
Kikubaaqudgha
Okawaru
Xom

Annotations:
D:4 Duffy's ghost, weakling TrEE


Innate Abilities, Weirdness & Mutations

You have a pair of small horns on your head.
A weak demonic guardian rushes to your aid.
When hurt, damage is shared between your health and your magic reserves.


Message History

You freeze the hound.
You kill the hound!
Kikubaaqudgha accepts your kill.
Your Conjurations skill increases to level 2!
You have reached level 6!
Your experience leads to an increase in your attributes!
Your base attributes are Str 8, Int 17, Dex 14.
Increase (S)trength, (I)ntelligence, or (D)exterity?
You feel agile.
Your demonic ancestry asserts itself...
You feel the presence of a demonic guardian.
You see here a hound corpse.
You butcher the hound corpse.
j - 4 chunks of flesh (gained 3)
You start resting.
Eating one of 4 chunks of flesh.
You start eating one of the 4 chunks of flesh.
You are feeling hungry.
You continue eating. x2
You finish eating.
This raw flesh tastes terrible.
Are you sure you want to abandon this character and quit the game? (Confirm with "yes".)

###########
#.........#
#.........#
#......(..#
#.........#
###.........#
............#
#......@..#
###.........#
+..>........#
###.#'#+#####
# #.# #.#.#.#
#.#.#.#
#.#.#.#####
#.#.#.....#


There were no monsters in sight!

Vanquished Creatures
  3 vampire bats (D:3)
  2 hounds (D:4)
  3 adders (D:3)
  A worm (D:3)
  A dart slug (D:1)
  2 giant geckos
  5 bat skeletons (D:3)
  A bat zombie (D:3)
  4 giant cockroaches
  6 goblins
  8 hobgoblins
  2 kobolds (D:1)
  2 quokkas
  A ball python (D:3)
  14 bats
  3 giant newts
  5 rats
63 creatures vanquished.

Notes
Turn   | Place    | Note
-------+----------+-------------------------------------------
     0 | D:1      | Duffy the Demonspawn Ice Elementalist began the quest for the Orb.
     0 | D:1      | Reached XP level 1. HP: 13/13 MP: 3/3
   386 | D:1      | Gained mutation: You have a pair of small horns on your head. [demonic ancestry]
   386 | D:1      | Reached XP level 2. HP: 19/19 MP: 3/5
  1332 | D:2      | Gained mutation: When hurt, damage is shared between your health and your magic reserves. [demonic ancestry]
  1332 | D:2      | Reached XP level 3. HP: 14/24 MP: 2/7
  1508 | D:2      | Found a shadowy altar of Dithmenos.
  1937 | D:3      | Found a shimmering altar of Xom.
  2032 | D:3      | Found a faded altar of an unknown god.
  2037 | D:3      | Learned a level 3 spell: Ozocubu's Armour
  2190 | D:3      | Found an iron altar of Okawaru.
  2281 | D:3      | Reached XP level 4. HP: 26/30 MP: 8/8
  2337 | D:3      | Found an ancient bone altar of Kikubaaqudgha.
  2346 | D:3      | Reached XP level 5. HP: 30/35 MP: 3/10
  2441 | D:3      | Became a worshipper of Kikubaaqudgha
  2447 | D:3      | Learned a level 4 spell: Throw Icicle
  2586 | D:3      | Found a shattered altar of Ashenzari.
  3086 | D:4      | Noticed Duffy's ghost (weakling TrEE)
  3254 | D:4      | Gained mutation: A weak demonic guardian rushes to your aid. [demonic ancestry]
  3254 | D:4      | Reached XP level 6. HP: 41/41 MP: 6/12
  3277 | D:4      | Quit the game

Vault maps used:
D:1:      saegor_arrival_simple_a
D:2:      nicolae_dithmenos_shadow_blocks
D:3:      okawaru_metal_pillars_3, kennysheep_vampire_church,
          lemuel_doored_altar, ecumenical_altar_2, lemuel_tele_altar
D:4:      first_bread

Skill      XL: |  1  2  3  4  5 |
---------------+----------------+-----
Ice Magic      | 3 4 |  4.7
Spellcasting   | 3 4 |  4.0
Conjurations   | 2 |  2.0
Dodging        | |  1.7
Stealth        | |  1.7

Action                   |  1- 3 |  4- 6 || total
-------------------------+-------+-------++-------
Melee: Dagger            |    27 |     7 ||    34
       Headbutt          |     3 |     1 ||     4
 Cast: Freeze            |    63 |    37 ||   100
  Eat: Chunk             |     4 |     4 ||     8
Armor: Robe              |    37 |    18 ||    55
Dodge: Dodged            |    97 |    31 ||   128
